 Dungeon Crawl Stone Soup version 0.30-a0-364-gf6b3ef1049 (webtiles) character file.

Game seed: 16914500584579289219

2366 iguanaiguana the Frost Mage (level 10, -13/103 HPs)
             Began as a Meteoran Fire Elementalist on Nov 16, 2022.
             Was a Believer of Vehumet.
             Mangled by an orc warlord
             ... wielding a +3 broad axe
              (30 damage)
             ... in a bailey.
             The game lasted 00:29:40 (1916 turns).

iguanaiguana the Frost Mage (MeFE)                  Turns: 1916, Time: 00:29:41

Health: -13/103    AC: 38    Str:  9    XL:     10   Next: 2%
Magic:  4/20       EV:  2    Int: 23    God:    Vehumet [**....]
Gold:   213        SH:  0    Dex: 14    Spells: 9/21 levels left

rFire   + . .      SeeInvis .    k - staff of fire
rCold   . . .      Faith    .    (no shield)
rNeg    . . .      Spirit   .    (body armour currently unavailable)
rPois   +          Reflect  .    (helmet currently unavailable)
rElec   .          Harm     .    (cloak currently unavailable)
rCorr   .          Rampage  .    (gloves currently unavailable)
Will    +....      NoTele   +    (boots currently unavailable)
Stlth   +.........               (no amulet)
HPRegen 0.00/turn                n - ring of wizardry
MPRegen 0.17/turn                o - +4 ring of protection

@: ice-armoured, tree-form (expiring), inhibited regen, glowing
A: stationary, stasis, torment immunity, boosted hp, sense surroundings 2,
otherworldly, glowing, explore regen, deterioration 1, mutation resistance 1,
inhibited regeneration
a: Renounce Religion


You were in a bailey.
You worshipped Vehumet.
Vehumet was pleased with you.
You were a tree.
You visited 2 branches of the dungeon, and saw 9 of its levels.
You also visited: Bailey.

You collected 213 gold pieces.

Inventory:

Missiles
 u - 5 poisoned darts
Armour
 a - a +0 robe (melded)
 c - a +0 helmet (melded)
 d - a +1 pair of gloves (melded)
 t - a +0 pair of boots (melded)
 v - a +1 pair of gloves
 y - an orb of guile
Magical Staves
 k - a staff of fire (weapon)
 r - a staff of air
Jewellery
 n - a ring of wizardry (left branch)
 o - a +4 ring of protection (right branch)
 x - a ring of wizardry
Scrolls
 f - a scroll of vulnerability {unknown}
 g - a scroll of enchant armour {unknown}
 j - a scroll of silence {unknown}
 m - a scroll of poison {unknown}
 p - 3 scrolls of teleportation {@r3}
 q - 3 scrolls of magic mapping {unknown}
 s - a scroll of fear {unknown}
 A - a scroll of immolation {unknown}
Potions
 b - 2 potions of magic
 h - a potion of berserk rage {unknown}
 l - 3 potions of mutation
 w - a potion of might {unknown}
 z - a potion of resistance {unknown}
 B - a potion of flight {unknown}
 C - a potion of attraction {unknown}
 D - a potion of haste {unknown}


   Skills:
 - Level 2.5 Dodging
 - Level 1.5 Stealth
 - Level 6.0 Spellcasting
 - Level 1.4 Conjurations
 - Level 4.0 Hexes
 - Level 6.0 Fire Magic
 + Level 11.0 Ice Magic


You had 9 spell levels left.
You knew the following spells:

 Your Spells              Type           Power      Damage    Failure   Level
a - Foxfire               Conj/Fire      100%       2x1d9     1%          1
b - Scorch                Fire           100%       2d10      1%          2
c - Inner Flame           Hex/Fire       44%        N/A       1%          3
d - Frozen Ramparts       Ice            100%       1d16      1%          3
e - Ozocubu's Armour      Ice            55%        N/A       1%          3

Your spell library contained the following spells:

 Spells                   Type           Power      Damage    Failure   Level
 Searing Ray              Conj           26%        2d5       2%          2
 Freeze                   Ice            100%       1d10      1%          1
 Hailstorm                Conj/Ice       35%        3d9       1%          3
 Summon Ice Beast         Ice/Summ       32%        N/A       3%          4
 Kindle Blastsparks       Fire/Tloc/Air  48%        2d14      4%          3
 Flame Wave               Conj/Fire      36%        2d10      8%          4
 Ozocubu's Refrigeration  Ice            27%        4d13      30%         7
 Summon Mana Viper        Hex/Summ       16%        N/A       38%         5
 Monstrous Menagerie      Summ           3%         N/A       100%        7


Dungeon Overview and Level Annotations

Branches:
Dungeon (8/15) Zot: 3177   Temple (1/1) D:6 Zot: 515  Bailey (1/1) Zot: 376
   Lair: D:8-11

Altars:
Fedhas
Hepliaklqana
Makhleb
Qazlal
Sif Muna
Uskayaw
Vehumet
Wu Jian
Yredelemnul
The Shining One

Shops:
D:7 *


Innate Abilities, Weirdness & Mutations

You are a tree.
Your roots penetrate the ground, keeping you stationary.
You cannot be teleported.
You are immune to unholy pain and torment.
Your maximum health is greatly increased.
Your equipment is partially melded.
You passively map the area around you.
You are easily found by Zot.
You glow in the dark.
You regain HP and MP as you explore.
Your body sometimes deteriorates upon taking damage.
You are somewhat resistant to further mutation.
You do not regenerate when monsters are visible.


Message History

Casting: Scorch (safe; 1% risk of failure)
Confirm with . or Enter, or press ? or * to list all spells.
You feel a surge of power!
Flames lash the orc knight.
The orc knight is burned terribly!
The orc knight is lightly wounded.
The orc warlord is engulfed in blazing flames.
The wall freezes the orc warlord.
You aren't carrying any items that you can evoke.
Throw: 6 darts (poison)
Press: ? - help, Shift-Dir - straight line, f - orc warlord
Aim: an orc warlord, wielding a +3 broad axe and wearing a +0 chain mail (flame, severely wounded, strong, 65% to hit)
You throw a poisoned dart. The poisoned dart hits the orc warlord.
The orc warlord is poisoned.
The orc warlord is severely wounded.
The orc warlord is engulfed in blazing flames.
The orc warlord hits you with a +3 broad axe!!
* * * LOW HITPOINT WARNING * * *
It was a potion of mutation.
You feel extremely strange.
You feel yourself wasting away.
Your regeneration stops near monsters.
You feel genetically stable.
The frozen ramparts melt away.
The orc knight is engulfed in blazing flames.
The orc warlord is engulfed in blazing flames.
The orc warlord hits you with a +3 broad axe!
* * * LOW HITPOINT WARNING * * *
You feel better.
The orc knight is engulfed in blazing flames.
The orc warlord is engulfed in blazing flames.
The orc warlord hits you with a +3 broad axe!!
* * * LOW HITPOINT WARNING * * *
You aren't carrying any items that you can evoke.
Okay, then.
You feel better.
The orc warrior no longer looks unusually strong.
The orc knight is engulfed in blazing flames.
The orc knight roars a battlecry!
The orc warrior goes into a battle-frenzy!
The orc warlord is engulfed in blazing flames.
The orc warlord hits you with a +3 broad axe!!
You die...

.........#...........#
..)......#...........#
..).....###.........###
#.....###.###.....#'#.###
###.###
...###.###.....### ..###
.... ###.........## ...#
,, ..... #8..........#
...# ,
....)§#8..........# ...#,
....ooo♣....⌠....∩# ...#
,, ....)§#8..........#
...#,, , .....
#8.......)..# ..###, ,
.... ###..)...)..##
###.###,
...###.###))...###
#.....###.###.....#)#.###
).......###.........###
.........#...........#
.........#...........#


You could see an orc warlord (strong, poisoned), an orc knight (strong,
combustible) and an orc warrior (strong).

Vanquished Creatures
  Grinder (D:5)
  9 orc warriors
  A sky beast (D:6)
  An ice beast (D:6)
  3 phantoms
  A bullfrog (D:8)
  2 scorpions (D:4)
  A wight (D:8)
  6 killer bees (D:7)
  A jelly (D:5)
  A hound (D:6)
  2 orc priests
  An iguana (D:5)
  3 orc wizards
  A mummy (D:4)
  5 gnolls (Bailey)
  4 adders
  A shadow imp (D:6)
  A worm (D:4)
  16 orcs
  5 bats
  3 endoplasms
  4 giant cockroaches
  19 goblins
  10 hobgoblins
  8 jackals
  3 quokkas
  5 ball pythons
  3 frilled lizards
  A hobgoblin zombie (D:4)
  7 kobolds
  2 kobold zombies (D:4)
  An orc zombie (D:4)
  A rat (D:2)
133 creatures vanquished.

Vanquished Creatures (others)
  127 foxfires
127 creatures vanquished.

Grand Total: 260 creatures vanquished

Notes
Turn   | Place    | Note
-------+----------+-------------------------------------------
     0 | D:1      | iguanaiguana the Meteoran Fire Elementalist began the quest
                  | for the Orb.
     0 | D:1      | Reached XP level 1. HP: 14/14 MP: 5/5
   125 | D:1      | Reached XP level 2. HP: 20/20 MP: 3/6
   153 | D:2      | Reached XP level 3. HP: 26/26 MP: 2/8
   355 | D:1      | Learned a level 2 spell: Scorch
   360 | D:1      | Learned a level 3 spell: Inner Flame
   384 | D:2      | Reached skill level 5 in Fire Magic
   427 | D:2      | Found a faded altar of an unknown god.
   497 | D:2      | Reached XP level 4. HP: 33/33 MP: 6/9
   504 | D:3      | Found a blossoming altar of Fedhas.
   549 | D:4      | Noticed a scorpion
   552 | D:4      | Killed a scorpion
   553 | D:4      | Reached XP level 5. HP: 35/38 MP: 3/10
   566 | D:4      | Noticed a phantom
   571 | D:4      | Killed a phantom
   572 | D:4      | Reached XP level 6. HP: 45/45 MP: 5/11
   713 | D:3      | Found a hazy altar of Hepliaklqana.
   716 | D:3      | Reached skill level 1 in Ice Magic
   756 | D:4      | Reached skill level 2 in Ice Magic
   760 | D:4      | Learned a level 3 spell: Frozen Ramparts
   794 | D:5      | Entered Level 5 of the Dungeon
   814 | D:5      | Found a hide-covered altar of Uskayaw.
   839 | D:6      | Found a staircase to the Ecumenical Temple.
   840 | D:6      | Noticed an ice beast
   840 | D:6      | Noticed a sky beast
   848 | D:6      | Killed an ice beast
   849 | D:6      | Reached skill level 3 in Ice Magic
   849 | D:6      | Reached XP level 7. HP: 50/50 MP: 4/12
   851 | D:6      | Reached skill level 4 in Ice Magic
   865 | Temple   | Entered the Ecumenical Temple
   928 | Temple   | Became a worshipper of Vehumet
   970 | D:6      | Reached skill level 5 in Ice Magic
  1040 | D:6      | Reached XP level 8. HP: 57/57 MP: 9/13
  1109 | D:5      | Reached skill level 6 in Ice Magic
  1242 | D:5      | Noticed Grinder
  1247 | D:5      | Killed Grinder
  1248 | D:5      | Reached skill level 7 in Ice Magic
  1299 | D:5      | Learned a level 3 spell: Ozocubu's Armour
  1481 | D:7      | Reached * piety under Vehumet
  1481 | D:7      | Offered knowledge of Sandblast by Vehumet.
  1482 | D:7      | Reached skill level 8 in Ice Magic
  1492 | D:7      | Gained mutation: You passively map the area around you.
                  | [Meteoran growth]
  1492 | D:7      | Reached XP level 9. HP: 57/62 MP: 1/14
  1499 | D:7      | Reached skill level 9 in Ice Magic
  1516 | D:7      | Found Kuemoelu's Mayhem Merchandise.
  1641 | D:8      | Reached skill level 10 in Ice Magic
  1689 | D:8      | Found a flagged portal.
  1699 | Bailey   | Entered a bailey
  1769 | Bailey   | Offered knowledge of Searing Ray by Vehumet.
  1783 | Bailey   | Reached ** piety under Vehumet
  1785 | Bailey   | Reached skill level 5 in Spellcasting
  1901 | Bailey   | Noticed an orc warlord
  1902 | Bailey   | Noticed an orc knight
  1910 | Bailey   | Reached skill level 11 in Ice Magic
  1910 | Bailey   | Reached XP level 10. HP: 69/69 MP: 7/20
  1914 | Bailey   | Gained mutation: Your body sometimes deteriorates upon
                  | taking damage. [potion of mutation]
  1914 | Bailey   | Gained mutation: You do not regenerate when monsters are
                  | visible. [potion of mutation]
  1914 | Bailey   | Gained mutation: You are somewhat resistant to further
                  | mutation. [potion of mutation]
  1916 | Bailey   | Mangled by an orc warlord

Illustrated notes

Levels and vault maps discovered:
D:1:      dpeg_arrival_rooms_a, layout_basic, serial_corexii_hall,
          corexii_hall_statues_i, corexii_hall_statues_l, minmay_misc_feat_rows
D:2:      layout_loops_cross, basic_altar, dreamdust_ecumenical_altar_grove,
          uniq_robin
D:3:      layout_basic, fedhas_altar_3, mainiacjoe_overflow_alcove_2
D:4:      layout_loops_corners, minmay_misc_feat_plants, palyth_stone_intersect,
          minmay_mini_ossuary
D:5:      layout_basic, nicolae_ru_path_of_blood, mainiacjoe_overflow_catwalk,
          uniq_grinder
D:6:      layout_rooms, minmay_temple_entry_glass, uniq_blork_the_orc
D:7:      layout_layer_cave, mainiacjoe_overflow_tiny_flanked,
          minmay_shop_mayhem, uniq_crazy_yiuf_cottage
D:8:      minmay_skewed_foursquare, layout_basic, nicolae_overflows_in_rows,
          enter_bailey_3, serial_corexii_hall, corexii_hall_statues_i,
          chequers_hall_statues_corner_a, chequers_hall_statues_y,
          corexii_hall_statues_l, minmay_lizard_king, uniq_joseph, uniq_amaemon,
          uniq_erica, uniq_prince_ribbit1
Temple:   nicolae_temple_bog_church
Bailey:   bailey_axe_minmay_hex_keep, bailey

Skill      XL: |  1  2  3  4  5  6  7  8  9 |
---------------+----------------------------+-----
Fire Magic     | 4 5 6 |  6.0
Hexes          | 2 3 4 |  4.0
Ice Magic      | 3 5 8 11 | 11.0
Spellcasting   | 6 |  6.0
Dodging        | |  2.5
Stealth        | |  1.5
Conjurations   | |  1.4

Action                   |  1- 3 |  4- 6 |  7- 9 | 10-12 || total
-------------------------+-------+-------+-------+-------++-------
Melee: Unarmed           |     3 |       |       |       ||     3
       Staff             |       |     3 |    55 |       ||    58
Throw: Dart              |       |       |       |     1 ||     1
 Cast: Foxfire           |    41 |    24 |    15 |       ||    80
       Scorch            |     2 |    14 |    49 |     2 ||    67
       Frozen Ramparts   |       |     1 |    16 |       ||    17
       Ozocubu's Armour  |       |       |     6 |       ||     6
       Inner Flame       |       |       |     2 |       ||     2
  Use: Scroll            |       |     1 |     2 |       ||     3
       Potion            |       |       |     2 |     4 ||     6
Armor: Robe              |    15 |    10 |    38 |       ||    63
       Skin              |       |       |     1 |     1 ||     2
Dodge: Dodged            |    16 |    16 |    50 |       ||    82

Table legend: (Time is in decaauts)
 A = Elapsed time spent in this place.
 B = Non-inter-level travel time spent in this place.
 C = Inter-level travel time spent in this place.
 D = Time resting spent in this place.
 E = Time spent auto-exploring this place.
 F = Levels seen in this place.
 G = Mean time per level.
                   A        B        C        D        E       F      G
               +--------+--------+--------+--------+--------+-----+--------+
         Total |   1929 |   1850 |     79 |      0 |      0 |  10 |  192.9 |
       Dungeon |   1622 |   1543 |     79 |      0 |      0 |   8 |  202.8 |
        Temple |     84 |     84 |      0 |      0 |      0 |   1 |   84.0 |
        Bailey |    222 |    222 |      0 |      0 |      0 |   1 |  222.0 |
               +--------+--------+--------+--------+--------+-----+--------+

Top non-repeatable levels by time:
     D:1: 350 daAuts
     D:4: 296 daAuts
     D:5: 233 daAuts
  Bailey: 222 daAuts
     D:6: 214 daAuts
     D:7: 165 daAuts
     D:2: 147 daAuts
     D:3: 110 daAuts
     D:8: 104 daAuts
  Temple: 84 daAuts
